 Dungeon Crawl Stone Soup version 0.27-a0-34-gc18c9092ac (webtiles) character file.

Game seed: 5215777410665536908

179 Alarkh the Ruffian (level 5, -1/42 HPs)
             Began as a Demonspawn Fighter on Jan 4, 2021.
             Succumbed to an adder's poison
             ... on level 3 of the Dungeon.
             The game lasted 00:02:04 (1749 turns).

Alarkh the Ruffian (Demonspawn Fighter)             Turns: 1749, Time: 00:02:05

Health: -1/42      AC:  8    Str: 16    XL:     5   Next: 32%
Magic:  5/5        EV:  6    Int: 10    God:
Gold:   79         SH:  8    Dex: 13    Spells: 4/4 levels left

rFire    . . .     SeeInvis .     - Unarmed
rCold    . . .     Faith    .   b - +0 kite shield
rNeg     . . .     Spirit   .   a - +0 scale mail
rPois    .         Reflect  .   (no helmet)
rElec    .         Harm     .   (no cloak)
rCorr    .         Rampage  .   (no gloves)
Will     .....                  (no boots)
Stlth    ..........             (no amulet)
HPRegen  0.14/turn              (no ring)
MPRegen  0.09/turn              (no ring)

@: lethally poisoned (-1 -> -22)
A: molten scales 1, powered by pain 1
a: no special abilities


You were on level 3 of the Dungeon.
You visited 1 branch of the dungeon, and saw 4 of its levels.

You collected 79 gold pieces.

Inventory:

Armour
 a - a +0 scale mail (worn)
 b - a +0 kite shield (worn)
Scrolls
 d - a scroll of teleportation {unknown}
 e - a scroll of magic mapping {unknown}
 g - a scroll of identify {unknown}
 h - a scroll of amnesia {unknown}
Potions
 f - a potion of curing


   Skills:
 + Level 4.2 Fighting
 - Level 2.6 Armour
 - Level 2.6 Shields
 * Level 4.3 Unarmed Combat


You had 4 spell levels left.
You didn't know any spells.
Your spell library was empty.

Dungeon Overview and Level Annotations

Branches:
Dungeon (4/15)
 Temple: D:4-7

Altars:
Ashenzari

Annotations:
D:4 Eustachio


Innate Abilities, Weirdness & Mutations

You are partially covered in molten scales. (AC +2)
You sometimes gain a little power by taking damage.


Message History

The worker ant poisons you!
You barely miss the adder.
The adder is almost dead.
* * * LOW HITPOINT WARNING * * *
You feel sick. You block the adder's attack.
The jackal bites you but does no damage.
You block the worker ant's attack. You block the adder's attack.
You completely miss the adder.
The adder is almost dead.
* * * LOW HITPOINT WARNING * * *
You feel sick.
The jackal bites you but does no damage.
You block the worker ant's attack. The adder bites you.
* * * LOW HITPOINT WARNING * * *
You are more poisoned.
The adder poisons you!
Unknown command.
You hit the adder.
You kill the adder!
You die...

..≈≈.>≈≈..
##.§§_.≈≈.#
#..§≈§≈≈≈.###
..≈§§≈§≈... .####
........#####
..?...#.#.........
.....$#.#.#h#..#####
........[.B@........
.....#.#.†.†.......
... #.#.#.#.###### .
#.#...#...
#####.#########
#.........†...# #
#..(..#######.#
#.##############.#
###................#


You could see a worker ant and a jackal.

Vanquished Creatures
  A howler monkey (D:4)
  Terence (D:3)
  A worker ant (D:4)
  An adder (D:3)
  A gnoll (D:1)
  An adder skeleton (D:3)
  A worm (D:3)
  6 dart slugs
  3 bats
  3 giant cockroaches
  7 goblins
  5 hobgoblins
  11 jackals
  A quokka (D:4)
  A ball python (D:2)
  6 frilled lizards
  7 kobolds (D:1)
  6 rats
63 creatures vanquished.

Notes
Turn   | Place    | Note
-------+----------+-------------------------------------------
     0 | D:1      | Alarkh the Demonspawn Fighter began the quest for the Orb.
     0 | D:1      | Reached XP level 1. HP: 18/18 MP: 1/1
   250 | D:1      | Gained mutation: You sometimes gain a little power by
                  | taking damage. [demonic ancestry]
   250 | D:1      | Reached XP level 2. HP: 10/24 MP: 2/2
   578 | D:1      | Gained mutation: You are partially covered in molten
                  | scales. (AC +2) [demonic ancestry]
   578 | D:1      | Reached XP level 3. HP: 4/29 MP: 3/3
  1313 | D:2      | Reached XP level 4. HP: 36/37 MP: 4/4
  1547 | D:3      | Noticed Terence
  1548 | D:3      | Found a broken altar of Ashenzari.
  1554 | D:3      | Killed Terence
  1605 | D:4      | Reached XP level 5. HP: 33/42 MP: 5/5
  1612 | D:4      | Noticed Eustachio
  1748 | D:3      | HP: 1/42 [adder (3)]
  1749 | D:3      | Succumbed to an adder's poison

Illustrated notes

Levels and vault maps discovered:
D:1:      amcnicky_arrival_double_pillar, layout_basic
D:2:      layout_loops_ring, gammafunk_temple_overflow_statue, serial_rivers,
          chequers_serial_rivers_small_b, chequers_serial_rivers_small_b,
          chequers_serial_rivers_small_b, chequers_serial_rivers_small_3,
          chequers_serial_rivers_room_b, chequers_serial_rivers_marsh
D:3:      layout_basic, general_overflow_altar, uniq_terence
D:4:      layout_cave_pools, gup_sewer_entry_glass, kennysheep_okawaru_gauntlet,
          uniq_eustachio

Skill      XL: |  1  2  3  4 |
---------------+-------------+-----
Unarmed Combat | 2 3 4 |  4.3
Fighting       | 4 |  4.2
Armour         | |  2.6
Shields        | |  2.6

Action                   |  1- 3 |  4- 6 || total
-------------------------+-------+-------++-------
Melee: Unarmed           |   209 |    76 ||   285
  Use: Potion            |     2 |     1 ||     3
Armor: Scale mail        |    90 |    46 ||   136
Dodge: Dodged            |    57 |    17 ||    74
Block: Kite shield       |   104 |    38 ||   142

Table legend: (Time is in decaauts)
 A = Elapsed time spent in this place.
 B = Non-inter-level travel time spent in this place.
 C = Inter-level travel time spent in this place.
 D = Time resting spent in this place.
 E = Time spent auto-exploring this place.
 F = Levels seen in this place.
 G = Mean time per level.
                   A        B        C        D        E       F      G
               +--------+--------+--------+--------+--------+-----+--------+
         Total |   1765 |   1707 |     58 |    406 |    835 |   4 |  441.2 |
       Dungeon |   1765 |   1707 |     58 |    406 |    835 |   4 |  441.2 |
               +--------+--------+--------+--------+--------+-----+--------+

Top non-repeatable levels by time:
     D:1: 1142 daAuts
     D:3: 293 daAuts
     D:2: 272 daAuts
     D:4: 56 daAuts
